 Dungeon Crawl Stone Soup version 0.30-a0-782-ge64f9170bb (webtiles) character file.

Game seed: 1361525087499861078

12407 senseless the Thaumaturge (level 12, -16/76 HPs)
             Began as a Djinni Conjurer on Mar 8, 2023.
             Was a High Priest of Qazlal.
             Demolished by a boulder beetle (19 damage)
             ... on level 10 of the Dungeon.
             The game lasted 00:52:38 (12982 turns).

senseless the Thaumaturge (Djinni Conjurer)        Turns: 12982, Time: 00:52:38

Health: -16/76     AC: 15    Str:  6    XL:     12   Next: 19%
Gold:   75         EV: 21    Int: 25    God:    Qazlal [*****.] SH:  7 Dex: 12

rFire   + + +      SeeInvis .    t - +5 scimitar (freeze)
rCold   x x .      Faith    +    (no shield)
rNeg    . . .      Spirit   .    f - +0 steam dragon scales
rPois   ∞          Reflect  .    (no helmet)
rElec   .          Harm     .    u - +2 cloak
rCorr   .          Rampage  .    w - +1 pair of gloves
Will    +....                    (boots unavailable)
Stlth   +                        n - amulet of faith
HPRegen 0.32/turn                m - ring of protection from fire
MPRegen 0.00/turn                E - +5 ring of evasion

@: about to teleport, protected from physical damage, flying, repel missiles
A: sickness immunity, fire resistance 2, cold vulnerability 2, float, innate
caster, HP casting, extra vitality 1, iridescent scales 1, mutation resistance 1
a: Renounce Religion, Upheaval, Elemental Force, Disaster Area


You were on level 10 of the Dungeon.
You worshipped Qazlal.
Qazlal was extremely pleased with you.
You visited 2 branches of the dungeon, and saw 12 of its levels.

You collected 651 gold pieces.
You spent 576 gold pieces at shops.

Inventory:

Hand Weapons
 l - a +4 heavy spear
 o - a +3 spear of freezing
 r - the +0 falchion of Pouxt {flame, rCorr}
   (You took it off a hobgoblin on level 4 of the Dungeon)

   rCorr:     It protects you from acid and corrosion.
 t - a +5 scimitar of freezing (weapon)
 D - a +3 scimitar of flaming
Missiles
 A - 2 throwing nets
Armour
 a - a +0 troll leather armour
 f - +0 steam dragon scales (worn)
 q - +0 swamp dragon scales
 u - a +2 cloak (worn)
 w - a +1 pair of gloves (worn)
 C - a +2 robe
Magical Staves
 y - a staff of fire
Jewellery
 m - a ring of protection from fire (left hand)
 n - an amulet of faith (around neck)
 z - a ring of ice
 E - a +5 ring of evasion (right hand)
Wands
 k - a wand of light (4)
 s - a wand of flame (52)
 x - a wand of digging (8)
 B - a wand of iceblast (5)
Scrolls
 e - 4 scrolls of teleportation
Potions
 b - a potion of ambrosia {unknown}
 c - a potion of resistance
 d - 3 potions of attraction
 g - 3 potions of heal wounds
 h - 2 potions of lignification
 i - 6 potions of curing
 j - 2 potions of brilliance
 p - 2 potions of flight
 v - a potion of invisibility {unknown}


   Skills:
 + Level 2.5 Fighting
 + Level 2.0 Long Blades
 + Level 2.7 Armour
 + Level 10.0 Dodging
 + Level 5.9 Stealth
 + Level 4.0 Shields
 + Level 11.3 Spellcasting


You had 5 spell levels left.
You knew the following spells:

 Your Spells              Type           Power      Damage    Failure   Level
a - Magic Dart            Conj           100%       1d8       1%          1
b - Searing Ray           Conj           100%       2d8       1%          2
c - Dazzling Flash        Conj/Hex       100%       N/A       1%          3
d - Fulminant Prism       Conj/Hex       31%        3d15      1%          4
e - Iskenderun's Mystic   Conj/Tloc      63%        2d13      1%          4
f - Summon Small Mammal   Summ           100%       N/A       1%          1
g - Ensorcelled Hibernat  Hex/Ice        100%       N/A       1%          2
h - Tukima's Dance        Hex            63%        N/A       1%          3
i - Vampiric Draining     Necr           63%        2d10      1%          3
j - Borgnjor's Vile Clut  Necr/Erth      31%        N/A       1%          5
Your spell library was empty.

Dungeon Overview and Level Annotations

Branches:
Dungeon (11/15)            Temple (1/1) D:4            Lair (0/5) D:9
    Orc (0/2) D:10

Altars:
Ashenzari
Cheibriados
Dithmenos
Elyvilon
Fedhas
Gozag
Hepliaklqana
Makhleb
Nemelex Xobeh
Okawaru
Qazlal
Ru
Trog
Uskayaw
Wu Jian
Xom
Yredelemnul
Zin
The Shining One

Shops:
D:9 =


Innate Abilities, Weirdness & Mutations

You are immune to sickness and miasma.
You are immune to poison.
Your flesh is very heat resistant. (rF++)
You are very vulnerable to cold. (rC--)
You float through the air rather than walking.
You learn spells naturally, not from books.
Your magical power is your life essence.
You have superior vitality. (+4 MHP)
You are partially covered in iridescent scales. (AC +2)
You are somewhat resistant to further mutation.


Message History

Casting: Borgnjor's Vile Clutch (dangerous; 1% risk of failure)
Confirm with . or Enter, or press ? or * to list all spells.
Aiming: Searing Ray (safe; 1% risk of failure)
Press: ? - help, Shift-Dir - straight line, f/p - boulder beetle
Aim: a boulder beetle (moderately wounded, constricted by zombie hands, 100% to hit)
The searing ray hits the boulder beetle but does no damage.
The boulder beetle is moderately wounded. (Press . to maintain the ray.)
The zombie hands constrict the boulder beetle!
The boulder beetle barely misses you.
The zombie hands release their grip on the boulder beetle.
The boulder beetle bites you!
* * * LOW HITPOINT WARNING * * *
You feel protected from physical attacks.
You fly upwards.
There is a stone staircase leading down here.
Casting: Searing Ray (safe; 1% risk of failure)
Confirm with . or Enter, or press ? or * to list all spells.
Aiming: Searing Ray (safe; 1% risk of failure)
Press: ? - help, Shift-Dir - straight line, f - boulder beetle
Aim: a boulder beetle (moderately wounded, 100% to hit)
The searing ray hits the boulder beetle but does no damage.
The boulder beetle is moderately wounded. (Press . to maintain the ray.)
* * * LOW HITPOINT WARNING * * *
The boulder beetle bites you but does no damage.
The searing ray hits the boulder beetle.
The boulder beetle is moderately wounded.
* * * LOW HITPOINT WARNING * * *
The boulder beetle closely misses you.
The searing ray hits the boulder beetle but does no damage.
The boulder beetle is moderately wounded.
* * * LOW HITPOINT WARNING * * *
The boulder beetle closely misses you.
As you read the scroll of teleportation, it crumbles to dust.
You feel strangely unstable. The boulder beetle bites you!
* * * LOW HITPOINT WARNING * * *
The boulder beetle attacks as you move away!
The boulder beetle bites you!!
You die...

####################
#............††.....
#...........#####...
#...........# #...
#....#####..# #...
#....#####..#####...
#...................
#○.○.§.....#########
#..@B......# #
#.§°.°.....# #
#..........# #
#..........# #
#.########.# #.# #.#
#.# #.# #.# #.# #.#
#.#


You could see a boulder beetle.

Vanquished Creatures
  A death knight (D:9)
  Erica (D:9)
  A two-headed ogre (D:10)
  Pikel (D:9)
  A cyclops (D:9)
  Maggie (D:7)
  A hornet (D:6)
  Grinder (D:3)
  3 trolls
  A wyvern (D:7)
  A wraith (D:9)
  14 yaks
  3 shadows
  4 steam dragons
  A water moccasin (D:6)
  An ice beast (D:5)
  4 orc warriors
  A sky beast (D:6)
  The ghost of DSell the Grasshopper, an amateur NaWr (D:3)
  3 ogres
  2 wolves
  3 lemures (D:9)
  2 centaurs
  2 phantoms (D:5)
  2 kobold brigands (D:8)
  A bullfrog (D:7)
  2 scorpions (D:6)
  2 gnoll sergeants
  2 necrophages
  21 wights
  15 killer bees
  2 electric eels
  4 howler monkeys
  Crazy Yiuf (D:4)
  10 hounds
  2 orc priests (D:7)
  2 jellies (D:5)
  Jessica (D:2)
  3 iguanas
  Terence (D:2)
  10 orc wizards
  A mummy (D:5)
  21 gnolls
  6 adders
  3 white imps
  2 worms
  51 orcs
  6 bats
  4 endoplasms
  4 giant cockroaches
  7 hobgoblins
  3 jackals (D:2)
  11 kobolds
  6 quokkas
  7 ball pythons
  4 frilled lizards
  9 goblins
  A hobgoblin zombie (D:5)
  3 orc zombies (D:5)
  7 rats
291 creatures vanquished.

Vanquished Creatures (others)
  A dancing weapon (D:5)
  18 fungi (D:8)
  2 withered plants (D:3)
21 creatures vanquished.

Grand Total: 312 creatures vanquished

Notes
Turn   | Place    | Note
-------+----------+-------------------------------------------
     0 | D:1      | senseless the Djinni Conjurer began the quest for the Orb.
     0 | D:1      | senseless set off with the following spells memorised:
                  | Magic Dart, Searing Ray, Dazzling Flash, Fulminant Prism,
                  | Iskenderun's Mystic Blast.
     0 | D:1      | Reached XP level 1. HP: 15/15 MP: 0/0
   105 | D:1      | Reached XP level 2. HP: 18/21 MP: 0/0
   283 | D:1      | Reached XP level 3. HP: 16/25 MP: 0/0
   283 | D:1      | Learned a level 1 spell: Summon Small Mammal
   880 | D:2      | Found an iron altar of Okawaru.
   977 | D:2      | Noticed Jessica
   980 | D:2      | Killed Jessica
   981 | D:2      | Reached XP level 4. HP: 28/31 MP: 0/0
  1847 | D:3      | Noticed Terence
  1865 | D:2      | HP: 1/31 [Terence/+0 flail (12)]
  1871 | D:2      | Killed Terence
  1872 | D:2      | Reached XP level 5. HP: 1/35 MP: 0/0
  1872 | D:2      | Learned a level 2 spell: Ensorcelled Hibernation
  2080 | D:3      | Found a runed translucent door.
  2080 | D:3      | Noticed DSell's ghost (amateur NaWr)
  2123 | D:3      | Found a white marble altar of Elyvilon.
  2448 | D:3      | Noticed Grinder
  2452 | D:3      | Paralysed by Grinder for 3 turns
  2462 | D:3      | Killed Grinder
  2463 | D:3      | Reached skill level 4 in Spellcasting
  2463 | D:3      | Reached XP level 6. HP: 14/40 MP: 0/0
  2674 | D:3      | Killed DSell's ghost
  2675 | D:3      | Reached XP level 7. HP: 19/45 MP: 0/0
  2675 | D:3      | Learned a level 3 spell: Tukima's Dance
  2926 | D:4      | Found a staircase to the Ecumenical Temple.
  3193 | Temple   | Entered the Ecumenical Temple
  3475 | Temple   | Became a worshipper of Qazlal Stormbringer
  3512 | D:4      | Reached skill level 5 in Dodging
  3667 | D:4      | Found a runed translucent door.
  3668 | D:4      | Noticed Crazy Yiuf
  3877 | D:4      | Identified the +0 falchion of Pouxt {flame, rCorr}
  3953 | D:4      | Killed Crazy Yiuf
  4010 | D:5      | Entered Level 5 of the Dungeon
  4010 | D:5      | Found a basalt altar of Yredelemnul.
  4360 | D:5      | Reached XP level 8. HP: 38/50 MP: 0/0
  4364 | D:5      | Reached * piety under Qazlal
  4488 | D:5      | Reached skill level 5 in Spellcasting
  4676 | D:5      | Reached skill level 5 in Stealth
  5063 | D:5      | Found a shadowy altar of Dithmenos.
  5140 | D:5      | Gained mutation: You are partially covered in iridescent
                  | scales. (AC +2) [potion of mutation]
  5140 | D:5      | Gained mutation: You are very vulnerable to cold. (rC--)
                  | [potion of mutation]
  5140 | D:5      | Gained mutation: You are somewhat resistant to further
                  | mutation. [potion of mutation]
  5515 | D:6      | Noticed a hornet
  5527 | D:6      | Killed a hornet
  5528 | D:6      | Reached skill level 6 in Spellcasting
  5528 | D:6      | Reached XP level 9. HP: 15/56 MP: 0/0
  5528 | D:6      | Learned a level 3 spell: Vampiric Draining
  5726 | D:6      | Found a glowing golden altar of the Shining One.
  5727 | D:6      | Found a hide-covered altar of Uskayaw.
  6023 | D:6      | Reached skill level 1 in Fighting
  6060 | D:6      | Reached ** piety under Qazlal
  6061 | D:6      | Reached skill level 7 in Spellcasting
  6333 | D:7      | Found an iron altar of Okawaru.
  6531 | D:7      | Noticed Maggie
  6665 | D:7      | Killed Maggie
  6916 | D:7      | Reached skill level 8 in Spellcasting
  7019 | D:7      | Reached XP level 10. HP: 28/62 MP: 0/0
  7339 | D:7      | Reached *** piety under Qazlal
  7497 | D:7      | Found a runed translucent door.
  7664 | D:7      | Reached skill level 1 in Shields
  8100 | D:8      | Reached skill level 9 in Spellcasting
  8678 | D:8      | Reached skill level 1 in Armour
  9028 | D:8      | Found a bloodstained altar of Trog.
  9034 | D:8      | Reached **** piety under Qazlal
  9237 | D:9      | Found Gisup's Jewellery Emporium.
  9275 | D:9      | Reached XP level 11. HP: 42/68 MP: 0/0
  9275 | D:9      | Learned a level 5 spell: Borgnjor's Vile Clutch
  9374 | D:9      | Noticed Erica
  9379 | D:9      | Killed Erica
  9380 | D:9      | Reached skill level 10 in Spellcasting
  9678 | D:9      | Noticed a death knight
  9689 | D:9      | Noticed a cyclops
  9697 | D:9      | Killed a death knight
  9697 | D:9      | Killed a cyclops
 10697 | D:9      | Noticed Pikel
 10706 | D:9      | Killed Pikel
 10778 | D:9      | Found a staircase to the Lair.
 10886 | D:9      | Reached ***** piety under Qazlal
 11186 | D:10     | Entered Level 10 of the Dungeon
 11186 | D:10     | Noticed a two-headed ogre
 11192 | D:10     | Killed a two-headed ogre
 11351 | D:10     | Found a staircase to the Orcish Mines.
 11409 | D:10     | Reached skill level 11 in Spellcasting
 11475 | D:10     | Reached skill level 1 in Long Blades
 11610 | D:10     | Reached XP level 12. HP: 68/76 MP: 0/0
 12261 | D:9      | Bought a +5 ring of evasion for 576 gold pieces
 12783 | D:7      | Reached skill level 10 in Dodging
 12966 | D:11     | Noticed a boulder beetle
 12981 | D:10     | HP: 3/76 [boulder beetle (15)]
 12982 | D:10     | Demolished by a boulder beetle

Illustrated notes

Levels and vault maps discovered:
D:1:      minmay_arrival_stair_chambers, layout_basic,
          hangedman_decor_clover_reticule
D:2:      layout_basic, basic_altar, grunt_ministairs_7,
          hangedman_decor_riveting, uniq_jessica
D:3:      layout_rooms, lemuel_doored_altar, elyvilon_altar_4,
          gammafunk_ghost_grave, minmay_misc_feat_five,
          chequers_serial_rivers_small_3, uniq_grinder, uniq_terence
D:4:      layout_cave_pools, minmay_temple_entry_offerings, serial_column_ruins,
          column_ruins_square_small, column_ruins_hut_ruined,
          column_ruins_columns_T, column_ruins_open_small, column_ruins_grid_1,
          uniq_crazy_yiuf_cottage
D:5:      layout_rooms, mainiacjoe_overflow_tiny_flanked,
          lemuel_coloured_pillars_altar, grunt_decor_junction,
          minmay_mini_ossuary
D:6:      layout_rooms, nicolae_overflow_two_pavilions, serial_curves,
          eino_curves_03, eino_curves_04
D:7:      layout_basic, mainiacjoe_overflow_catwalk, lightli_church_of_beogh,
          uniq_maggie
D:8:      kennysheep_steamy, layout_rooms, trog_hazing_becter, serial_curves,
          eino_curves_01, eino_curves_02, dk_noncrumbling_2, interstate_on_off,
          kennysheep_flooded_box
D:9:      layout_loops_ring, erik_lair_island, serial_shops, shop, minivault_20,
          uniq_erica, uniq_pikel
D:10:     layout_stronghold, orc_0_dummy
D:11:     layout_gridville, uniq_psyche, uniq_urug
Temple:   eino_narrow_crystal_temple

Skill      XL: |  1  2  3  4  5  6  7  8  9 10 11 12 |
---------------+-------------------------------------+-----
Stealth        | 2 3 4 5 |  5.9
Dodging        | 3 4 5 6 7 8 9 10 | 10.0
Spellcasting   | 4 6 8 9 11 | 11.3
Fighting       | 1 2 |  2.5
Shields        | 2 3 4 |  4.0
Armour         | 1 2 |  2.7
Long Blades    | 1 2 |  2.0

Action                     |  1- 3 |  4- 6 |  7- 9 | 10-12 || total
---------------------------+-------+-------+-------+-------++-------
  Melee: Dagger            |    31 |     9 |    36 |       ||    76
         Quarterstaff      |       |       |     3 |       ||     3
         Falchion          |       |       |     6 |       ||     6
         Punch             |       |       |     1 |       ||     1
         Scimitar          |       |       |       |    28 ||    28
   Cast: Magic Dart        |    39 |    52 |   173 |   210 ||   474
         Searing Ray       |       |     6 |    43 |    75 ||   124
         Tukima's Dance    |       |       |     1 |       ||     1
         Borgnjor's Vile C |       |       |       |    13 ||    13
    Use: Scroll            |     7 |     3 |     8 |     6 ||    24
         Potion            |       |       |     1 |       ||     1
   Stab: Sleeping          |     2 |       |       |       ||     2
 Armour: Robe              |     5 |     4 |    24 |     2 ||    35
         Swamp dragon scal |       |       |       |     6 ||     6
         Steam dragon scal |       |       |       |    37 ||    37
  Dodge: Dodged            |    21 |    15 |    73 |   145 ||   254
         Repelled          |       |       |       |     1 ||     1
  Block: Other             |       |       |     2 |    59 ||    61

Table legend: (Time is in decaauts)
 A = Elapsed time spent in this place.
 B = Non-inter-level travel time spent in this place.
 C = Inter-level travel time spent in this place.
 D = Time resting spent in this place.
 E = Time spent auto-exploring this place.
 F = Levels seen in this place.
 G = Mean time per level.
                   A        B        C        D        E       F      G
               +--------+--------+--------+--------+--------+-----+--------+
         Total |  13019 |  12006 |   1013 |   1649 |   8561 |  12 | 1084.9 |
       Dungeon |  12722 |  11746 |    976 |   1515 |   8443 |  11 | 1156.5 |
        Temple |    297 |    260 |     37 |    134 |    118 |   1 |  297.0 |
               +--------+--------+--------+--------+--------+-----+--------+

Top non-repeatable levels by time:
     D:9: 1762 daAuts
     D:8: 1717 daAuts
     D:7: 1534 daAuts
     D:6: 1408 daAuts
    D:10: 1248 daAuts
     D:2: 1200 daAuts
     D:4: 1023 daAuts
     D:5: 1016 daAuts
     D:3: 936 daAuts
     D:1: 864 daAuts
  Temple: 297 daAuts
    D:11: 10 daAuts
